 Dungeon Crawl Stone Soup version 0.30-a0-1075-gcd70e7a56d (webtiles) character file.

Game seed: 2991809203698050910

161 tsouns the Grave Robber (level 5, -4/31 HPs)
             Began as a Gargoyle Necromancer on Apr 14, 2023.
             Killed from afar by a steam dragon (12 damage)
             ... with a ball of steam
             ... on level 4 of the Dungeon.
             The game lasted 00:06:01 (2444 turns).

tsouns the Grave Robber (Gargoyle Necromancer)      Turns: 2444, Time: 00:06:01

Health: -4/31      AC:  8    Str: 17    XL:     5   Next: 42%
Magic:  8/9        EV: 11    Int: 18    God:
Gold:   21         SH:  5    Dex: 10    Spells: 2/10 levels left

rFire   . . .      SeeInvis .    c - +2 whip (elec)
rCold   . . .      Faith    .    (no shield)
rNeg    + . .      Spirit   .    a - +0 robe
rPois   ∞          Reflect  +    j - +0 helmet
rElec   +          Rampage  .    o - +0 cloak
rCorr   .                        (no gloves)
Will    .....                    (no boots)
Stlth   ++                       g - amulet of reflection
HPRegen 0.25/turn                d - +6 ring of strength
MPRegen 0.11/turn                (no ring)

@: about to teleport
A: sickness immunity, AC +4, negative energy resistance 1, electricity
resistance, torment resistance 1, petrification resistance
a: no special abilities


You were on level 4 of the Dungeon.
You visited 1 branch of the dungeon, and saw 4 of its levels.

You collected 138 gold pieces.
You spent 117 gold pieces at shops.

Inventory:

Hand Weapons
 c - a +2 whip of electrocution (weapon)
 k - a +0 flail
 q - the +4 mace of the Disbelieving Gods {heavy, *Slow rF+ rC+ SInv}
   (You found it on level 2 of the Dungeon)

   rF:        It protects you from fire.
   rC:        It protects you from cold.
   SInv:      It lets you see invisible.
   *Slow:     It may slow you when you take damage.
Armour
 a - a +0 robe (worn)
 j - a +0 helmet (worn)
 n - a +0 kite shield
 o - a +0 cloak (worn)
Jewellery
 d - a +6 ring of strength (left hand)
 g - an amulet of reflection (around neck)
 s - a ring of ice
Wands
 m - a wand of light (8)
Scrolls
 i - a scroll of amnesia
Potions
 b - 2 potions of magic
 e - 3 potions of heal wounds
 f - a potion of flight
 h - a potion of might
 l - 2 potions of lignification {unknown}
 p - a potion of invisibility


   Skills:
 + Level 2.5 Fighting
 + Level 2.1 Maces & Flails
 - Level 1.5 Dodging
 - Level 2.1 Stealth
 - Level 3.0 Spellcasting
 + Level 3.9 Necromancy


You had 2 spell levels left.
You knew the following spells:

 Your Spells              Type           Power      Damage    Failure   Level
a - Necrotise             Necr           64%        1d7       3%          1
b - Vampiric Draining     Necr           16%        2d7       10%         3
c - Animate Dead          Necr           16%        N/A       32%         4

Your spell library contained the following spells:

 Spells                   Type           Power      Damage    Failure   Level
 Agony                    Necr           16%        N/A       65%         5
 Plasma Beam              Fire/Air       1%         2x1d12    100%        6
 Summon Cactus Giant      Summ           1%         N/A       100%        6
 Haunt                    Necr/Summ      4%         N/A       100%        7


Dungeon Overview and Level Annotations

Branches:
Dungeon (4/15)
 Temple: D:4-7

Altars:

Shops:
D:3 !


Innate Abilities, Weirdness & Mutations

You are immune to sickness and miasma.
Your stone body is resilient. (AC +4)
You are immune to poison.
You resist negative energy. (rN+)
You are resistant to electric shocks. (rElec)
You are resistant to unholy torment.
You are immune to petrification.


Message History

You see here a frilled lizard corpse.
Done exploring.
Done exploring.
Press: ? - help, . - travel You can't see that place. [a stone staircase leading down.]
There is a stone staircase leading down here.
You climb downwards.
Found a trident.
Found a stone staircase leading down.
There is a stone staircase leading up here.
You see here a +0 trident.
Found a chain mail.
A steam dragon comes into view.
Casting: Animate Dead (extremely dangerous; 32% risk of failure)
Confirm with . or Enter, or press ? or * to list all spells.
You can't see any susceptible monsters within range! (Use Z to cast anyway.)
Found 7 gold pieces.
Casting: Animate Dead (extremely dangerous; 32% risk of failure)
Confirm with . or Enter, or press ? or * to list all spells.
You can't see any susceptible monsters within range! (Use Z to cast anyway.)
Casting: Animate Dead (extremely dangerous; 32% risk of failure)
Confirm with . or Enter, or press ? or * to list all spells.
You can't see any susceptible monsters within range! (Use Z to cast anyway.)
Casting: Animate Dead (extremely dangerous; 32% risk of failure)
Confirm with . or Enter, or press ? or * to list all spells.
Aiming: Necrotise (safe; 3% risk of failure)
Press: ? - help, Shift-Dir - straight line, f - steam dragon
Aim: a steam dragon (asleep, chance to affect: 73%)
The steam dragon writhes in agony.
The steam dragon breathes steam at you. The ball of steam hits you!!
Ouch! That really hurt!
* * * LOW HITPOINT WARNING * * *
As you read the scroll of teleportation, it crumbles to dust.
You feel strangely unstable.
An ufetubus comes into view.
The ufetubus shouts!
The steam dragon breathes steam at you. The ball of steam hits you!
You die...

#### #.######.#.#.#..##
#...####..#..#..........#
.....#......###..).#...#
................####.##
#....#.......<>..####
#...##..##.......#
###.......##.#..#..#
#........######.#.##
..##.$....§@.....###
........§§........#
......D§..##...#..#
..........# ...#.##
....#.....# .##..
....#..$..# .. 5.. ...
#.....# .. ... .......
... ##


You could see an ufetubus.

Vanquished Creatures
  A jelly (D:2)
  An orc priest (D:2)
  3 adders (D:2)
  3 worms (D:2)
  3 orcs (D:1)
  2 bats
  8 endoplasms
  2 giant cockroaches
  4 goblins
  2 hobgoblins
  6 jackals (D:1)
  4 quokkas
  4 ball pythons
  3 frilled lizards
  5 kobolds
  11 rats
62 creatures vanquished.

Notes
Turn   | Place    | Note
-------+----------+-------------------------------------------
     0 | D:1      | tsouns the Gargoyle Necromancer began the quest for the
                  | Orb.
     0 | D:1      | Reached XP level 1. HP: 10/10 MP: 3/3
   214 | D:1      | Reached XP level 2. HP: 16/16 MP: 1/5
   420 | D:1      | Reached skill level 1 in Fighting
   500 | D:1      | Got the Encyclopedia of Blistering Rallying
   645 | D:1      | Reached XP level 3. HP: 20/20 MP: 6/6
   649 | D:1      | Learned a level 3 spell: Vampiric Draining
   976 | D:1      | Reached skill level 1 in Maces & Flails
  1040 | D:2      | Reached XP level 4. HP: 14/26 MP: 2/7
  1279 | D:2      | Learned a level 4 spell: Animate Dead
  1467 | D:2      | Reached XP level 5. HP: 30/30 MP: 9/9
  1617 | D:2      | Identified the +4 mace of the Disbelieving Gods {heavy,
                  | *Slow rF+ rC+ SInv}
  1873 | D:3      | Found Moinlun's Distillery.
  1884 | D:3      | Bought a potion of invisibility for 104 gold pieces
  1884 | D:3      | Bought a potion of degeneration for 13 gold pieces
  2436 | D:4      | Noticed a steam dragon
  2444 | D:4      | Killed from afar by a steam dragon

Illustrated notes

Levels and vault maps discovered:
D:1:      dpeg_arrival_ratfight, layout_basic
D:2:      layout_basic
D:3:      layout_loops_ring, serial_shops, nicolae_shop_statue_plus
D:4:      layout_cave_pools, minmay_a_box_with_orc_wizards_in_it, uniq_natasha

Skill      XL: |  1  2  3  4  5 |
---------------+----------------+-----
Fighting       | 1 2 |  2.5
Maces & Flails | 1 2 |  2.1
Spellcasting   | 3 |  3.0
Dodging        | |  1.5
Stealth        | |  2.1
Necromancy     | |  3.9

Action                     |  1- 3 |  4- 6 || total
---------------------------+-------+-------++-------
  Melee: Unarmed           |     3 |       ||     3
         Whip              |    58 |    79 ||   137
   Cast: Necrotise         |    27 |    20 ||    47
         Vampiric Draining |     1 |     1 ||     2
    Use: Scroll            |       |    10 ||    10
   Stab: Sleeping          |     2 |     5 ||     7
         Distracted        |     1 |       ||     1
 Armour: Robe              |    28 |    26 ||    54
  Dodge: Dodged            |    51 |    33 ||    84
  Block: Other             |       |     1 ||     1

Table legend: (Time is in decaauts)
 A = Elapsed time spent in this place.
 B = Non-inter-level travel time spent in this place.
 C = Inter-level travel time spent in this place.
 D = Time resting spent in this place.
 E = Time spent auto-exploring this place.
 F = Levels seen in this place.
 G = Mean time per level.
                   A        B        C        D        E       F      G
               +--------+--------+--------+--------+--------+-----+--------+
         Total |   2449 |   2391 |     58 |      0 |   1786 |   4 |  612.2 |
       Dungeon |   2449 |   2391 |     58 |      0 |   1786 |   4 |  612.2 |
               +--------+--------+--------+--------+--------+-----+--------+

Top non-repeatable levels by time:
     D:1: 1079 daAuts
     D:2: 727 daAuts
     D:3: 610 daAuts
     D:4: 31 daAuts
